 Dungeon Crawl Stone Soup version 0.21-a0-519-gb765982 (webtiles) character file.

710 slep the Cleaver (level 7, -1/59 HPs)
             Began as a Hill Orc Gladiator on Dec 5, 2017.
             Slain by an orc warrior
             ... wielding a +0 halberd
              (17 damage)
             ... on level 4 of the Dungeon.
             The game lasted 00:10:42 (2368 turns).

slep the Cleaver (Hill Orc Gladiator)               Turns: 2368, Time: 00:10:42

Health: -1/59      AC:  7    Str: 17    XL:     7   Next: 68%
Magic:  7/7        EV:  5    Int: 10    God:
Gold:   179        SH:  8    Dex: 14    Spells: 6/6 levels left

rFire    + . .     SeeInvis .   a - +0 war axe
rCold    + . .     Gourm    .   u - +0 shield
rNeg     . . .     Faith    .   y - +0 chain mail
rPois    .         Spirit   .   c - +0 helmet
rElec    .         Reflect  .   o - +0 cloak (curse)
rCorr    .         Harm     .   (no gloves)
MR       .....                  (no boots)
Stlth    ..........             (no amulet)
HPRegen  0.19/turn              E - ring of protection from fire
MPRegen  0.10/turn              r - +4 ring of slaying

@: no status effects
A: blurry vision 1, clever 1, cold resistance 1, deformed body
a: no special abilities


You were on level 4 of the Dungeon.
You were not hungry.

You visited 1 branch of the dungeon, and saw 4 of its levels.

You collected 179 gold pieces.

Inventory:

Hand Weapons
 a - a +0 war axe (weapon)
 D - a +2 hand crossbow of flaming
Missiles
 d - 3 throwing nets (quivered)
Armour
 b - a +0 leather armour
 c - a +0 helmet (worn)
 o - a cursed +0 cloak (worn)
 u - a +0 shield (worn)
 y - a +0 chain mail (worn)
Jewellery
 e - an uncursed ring of stealth
 r - a +4 ring of slaying (right hand)
 E - a ring of protection from fire (left hand)
Wands
 t - a wand of disintegration (5)
Scrolls
 g - 2 scrolls of enchant weapon {unknown}
 h - 2 scrolls of teleportation {unknown}
 j - a scroll of random uselessness {unknown}
 k - 3 scrolls of amnesia {unknown}
 l - 2 scrolls of fog {unknown}
 v - 3 scrolls of immolation {unknown}
 w - a scroll of enchant armour {unknown}
 x - a scroll of fear {unknown}
 A - a scroll of remove curse {unknown}
Potions
 p - 2 potions of resistance
 q - a potion of brilliance
 s - a potion of heal wounds
 z - a potion of mutation
 B - 2 potions of ambrosia {unknown}
 C - a potion of curing
Comestibles
 f - 5 bread rations
 i - 6 fruits
 m - a chunk of flesh
 n - a royal jelly


   Skills:
 + Level 4.1 Fighting
 + Level 8.2 Axes
 + Level 2.0 Throwing
 + Level 3.4 Armour
 + Level 3.2 Dodging
 + Level 2.2 Stealth
 + Level 1.2 Shields


You had 6 spell levels left.
You didn't know any spells.

Dungeon Overview and Level Annotations

Branches:
Dungeon (4/15)
 Temple: D:4-7

Altars:
Qazlal


Innate Abilities, Weirdness & Mutations

Scrolls take you a little longer to read.
Your mind is acute. (Int +2)
Your flesh is cold resistant. (rC+)
Armour fits poorly on your strangely shaped body.


Message History

The orc is heavily wounded.
The orc hits you with a flail! You block the orc warrior's attack.
You hit the orc.
The orc is severely wounded.
The orc hits you with a flail.
You closely miss the orc.
The orc is severely wounded.
The orc warrior barely misses you. You block the orc's attack.
You hit the orc.
You kill the orc!
The orc warrior barely misses you.
The orc warrior hits you but does no damage.
Things that are here:
a flail; an orc corpse You hit the orc warrior but do no damage.
The orc warrior hits you with a halberd.
* * * LOW HITPOINT WARNING * * *
You closely miss the orc warrior.
The orc warrior hits you with a halberd!
You die...

###### #....# #.##.#
######.##.##############
...).........>.........#
##)).[..#........###.##
##......########.#
##......# #.# ##......#
#@# ######+## #o# . #o#
# #o# ..# ###


You could see an orc warrior and 2 orcs.

Vanquished Creatures
  Sigmund (D:2)
  Purgy (D:3)
  The ghost of slep the Chopper, an amateur MiGl (D:3)
  2 scorpions
  Crazy Yiuf (D:3)
  2 orc priests (D:4)
  3 orc wizards
  A worker ant (D:4)
  2 adders
  2 worms
  2 dart slugs
  8 orcs
  5 bats
  4 giant cockroaches
  10 goblins
  6 hobgoblins
  5 kobolds
  A quokka (D:4)
  A ball python (D:3)
  5 frilled lizards
  4 rats
67 creatures vanquished.

Notes
Turn   | Place    | Note
-------+----------+-------------------------------------------
     0 | D:1      | slep the Hill Orc Gladiator began the quest for the Orb.
     0 | D:1      | Reached XP level 1. HP: 18/18 MP: 1/1
   134 | D:1      | Reached XP level 2. HP: 25/25 MP: 2/2
   779 | D:1      | Reached XP level 3. HP: 27/30 MP: 3/3
  1080 | D:2      | Noticed Sigmund
  1093 | D:2      | Killed Sigmund
  1093 | D:2      | Reached skill level 5 in Axes
  1093 | D:2      | Reached skill level 1 in Armour
  1093 | D:2      | Reached skill level 1 in Stealth
  1093 | D:2      | Reached XP level 4. HP: 29/38 MP: 4/4
  1093 | D:2      | Reached XP level 5. HP: 34/45 MP: 5/5
  1162 | D:2      | Reached skill level 6 in Axes
  1661 | D:3      | Found a runed door.
  1680 | D:3      | Noticed Purgy
  1689 | D:3      | Killed Purgy
  1689 | D:3      | Reached XP level 6. HP: 37/51 MP: 6/6
  1770 | D:3      | Found a stormy altar of Qazlal.
  1842 | D:3      | Noticed slep's ghost (amateur MiGl)
  1843 | D:3      | Gained mutation: Scrolls take you a little longer to read. [potion of mutation]
  1843 | D:3      | Gained mutation: Your mind is acute. (Int +2) [potion of mutation]
  1843 | D:3      | Gained mutation: Armour fits poorly on your strangely shaped body. [potion of mutation]
  1843 | D:3      | Gained mutation: Your flesh is cold resistant. (rC+) [potion of mutation]
  1851 | D:3      | Killed slep's ghost
  1851 | D:3      | Reached skill level 7 in Axes
  2016 | D:3      | Reached XP level 7. HP: 44/58 MP: 7/7
  2152 | D:3      | Noticed Crazy Yiuf
  2157 | D:3      | Killed Crazy Yiuf
  2312 | D:4      | Reached skill level 1 in Shields
  2334 | D:4      | Reached skill level 8 in Axes
  2368 | D:4      | Slain by an orc warrior

Vault maps used:
D:1:      matt_arrival_refuge
D:2:      minmay_domino_2, uniq_sigmund
D:3:      grunt_qazlal_clouds, uniq_crazy_yiuf_cottage, uniq_purgy
D:4:      first_bread

Skill      XL: |  1  2  3  4  5  6  7 |
---------------+----------------------+-----
Throwing       | 2 |  2.0
Fighting       | 3 4 |  4.1
Axes           | 5 6 7 8 |  8.2
Armour         | 1 2 3 |  3.4
Dodging        | 3 |  3.2
Stealth        | 1 2 |  2.2
Shields        | 1 |  1.2

Action                   |  1- 3 |  4- 6 |  7- 9 || total
-------------------------+-------+-------+-------++-------
Melee: War axe           |    70 |    66 |    55 ||   191
  Use: Potion            |     3 |     6 |       ||     9
 Stab: Sleeping          |     5 |       |       ||     5
       Invisible         |       |     1 |       ||     1
  Eat: Chunk             |     1 |     3 |     1 ||     5
Armor: Leather armour    |    17 |     3 |       ||    20
       Chain mail        |       |    41 |    17 ||    58
Dodge: Dodged            |    44 |    23 |    10 ||    77
Block: Shield            |       |    26 |    15 ||    41

Table legend:
 A = Spawn XP
 B = Non-spawn XP
 C = Spawn XP percentage of total XP
 D = Spawn monster count
 E = Non-spawn monster count
 F = Spawn count percentage of total count
 G = Total turns spent on level
                    A         B        C        D         E        F      G
               +---------+---------+-------+---------+---------+-------+---------
         Total |       0 |    1015 |   0.0 |       0 |      67 |   0.0 |  2368
               +---------+---------+-------+---------+---------+-------+---------
           D:1 |       0 |      34 |   0.0 |       0 |      18 |   0.0 |   842
           D:2 |       0 |     246 |   0.0 |       0 |      14 |   0.0 |   650
           D:3 |       0 |     450 |   0.0 |       0 |      21 |   0.0 |   698
           D:4 |       0 |     285 |   0.0 |       0 |      14 |   0.0 |   178
               +---------+---------+-------+---------+---------+-------+---------
